 Dungeon Crawl Stone Soup version 0.29-a0-360-g8ed1089bbe (webtiles) character file.

Game seed: 14370537690241690879

160 klau3 the Slasher (level 5, 0/47 HPs)
             Began as a Minotaur Berserker on Apr 28, 2022.
             Was a Believer of Trog.
             Killed from afar by an orc wizard (9 damage)
             ... with a magic dart
             ... on level 3 of the Dungeon.
             The game lasted 00:07:12 (3010 turns).

klau3 the Slasher (Minotaur Berserker)              Turns: 3010, Time: 00:07:13

Health: 0/47       AC:  9    Str: 23    XL:     5   Next: 17%
Magic:  4/4        EV: 11    Int:  4    God:    Trog [**....]
Gold:   231        SH:  0    Dex: 10    Spells: 4/4 levels left

rFire   . . .      SeeInvis .   a - +0 falchion
rCold   . . .      Faith    .   (no shield)
rNeg    . . .      Spirit   .   f - +0 ring mail
rPois   .          Reflect  .   (helmet restricted)
rElec   .          Harm     .   (no cloak)
rCorr   .          Rampage  .   (no gloves)
Will    .....                   (no boots)
Stlth   +.........              (no amulet)
HPRegen 0.15/turn               g - +4 ring of protection
MPRegen 0.09/turn               (no ring)

@: no status effects
A: horns 2, retaliatory headbutt
a: Renounce Religion, Berserk, Trog's Hand


You were on level 3 of the Dungeon.
You worshipped Trog.
Trog was pleased with you.
You visited 1 branch of the dungeon, and saw 3 of its levels.

You collected 231 gold pieces.

Inventory:

Hand Weapons
 a - a +0 falchion (weapon)
 e - a +1 whip of distortion
 u - a +0 war axe
Armour
 b - a +0 animal skin
 f - a +0 ring mail (worn)
 s - a +0 pair of boots
Jewellery
 g - a +4 ring of protection (left hand)
Scrolls
 h - 2 scrolls of identify {unknown}
 j - a scroll of teleportation {unknown}
 m - a scroll of amnesia {unknown}
 n - a scroll of vulnerability {unknown}
 r - a scroll of blinking {unknown}
Potions
 c - 2 potions of attraction {unknown}
 d - a potion of magic {unknown}
 i - 2 potions of cancellation {unknown}
 k - 2 potions of heal wounds {unknown}
 l - 2 potions of might {unknown}
 o - 2 potions of berserk rage {unknown}
 p - a potion of curing {unknown}
 q - 2 potions of brilliance {unknown}
 t - a potion of mutation {unknown}


   Skills:
 + Level 4.5 Fighting
 + Level 5.2 Long Blades
 + Level 4.0 Armour
 + Level 2.8 Dodging
 + Level 0.3 Stealth


You had 4 spell levels left.
You didn't know any spells.
Your spell library contained the following spells:

 Spells                   Type           Power      Damage    Failure   Level
 Foxfire                  Conj/Fire      0%         2x1d4     65%         1
 Conjure Flame            Conj/Fire      0%         6-21      95%         3
 Inner Flame              Hex/Fire       0%         N/A       95%         3
 Flame Wave               Conj/Fire      0%         2d4       100%        4


Dungeon Overview and Level Annotations

Branches:
Dungeon (3/15)

Altars:
Ashenzari

Annotations:
D:3 2 runed translucent doors, Psyclone's ghost, amateur OpIE


Innate Abilities, Weirdness & Mutations

You have a pair of horns on your head.
You reflexively headbutt those who attack you in melee.


Message History

You have reached level 5!
The orc hits you with a +0 club.
You hear some strange, mumbled words.
You are confused.
Things that are here:
a +0 dagger; a +0 leather armour; an orc corpse You're too confused to move!
The orc closely misses you. Something hits you but does no damage.
You hit the orc.
The orc is heavily wounded.
The orc barely misses you. Something hits you but does no damage.
You're too confused to move!
The orc barely misses you. Something completely misses you.
You bump into the rock wall.
The orc closely misses you.
You hear some strange, mumbled words.
A puff of flame appears from out of thin air!
The puff of flame hits you!
You miss the orc.
The orc is heavily wounded.
The orc hits you with a +0 club.
* * * LOW HITPOINT WARNING * * *
Something hits you.
* * * LOW HITPOINT WARNING * * *
You hit something but do no damage. The orc hits you with a +0 club.
* * * LOW HITPOINT WARNING * * *
Something hits you but does no damage.
You bump into the rock wall.
You feel less confused. The orc barely misses you.
Something hits you but does no damage.
You barely miss the orc.
The orc is heavily wounded.
The orc misses you. Something hits you but does no damage.
You hit the orc.
You kill the orc!
Trog accepts your kill. Something hits you but does no damage.
You hear some strange, mumbled words.
A magic dart appears from out of thin air!
The magic dart hits you!
You die...

##### ####...
#....#
####....#
........#
#####....##
#@{.......#
#)#######.###
#)#.........#
#.#.#####.#.#
..# #....#...
#.#
##....#####
#.#
#...>......
#.#
#.....#####
#.#
#.......#.#


There were no monsters in sight!

Vanquished Creatures
  An orc priest (D:3)
  Jessica (D:2)
  2 adders
  5 worms
  3 dart slugs
  3 orcs (D:3)
  10 endoplasms
  A giant cockroach (D:2)
  5 goblins
  3 hobgoblins
  5 kobolds
  2 quokkas (D:1)
  6 ball pythons
  5 bats
  3 frilled lizards
  5 rats
60 creatures vanquished.

Notes
Turn   | Place    | Note
-------+----------+-------------------------------------------
     0 | D:1      | klau3 the Minotaur Berserker began the quest for the Orb.
     0 | D:1      | Reached XP level 1. HP: 19/19 MP: 0/0
   371 | D:1      | Reached XP level 2. HP: 25/27 MP: 1/1
   654 | D:1      | Reached skill level 4 in Long Blades
  1312 | D:1      | Found a faded altar of an unknown god.
  1374 | D:2      | Reached XP level 3. HP: 31/33 MP: 2/2
  1517 | D:2      | Reached ** piety under Trog
  2090 | D:2      | Found a broken altar of Ashenzari.
  2090 | D:2      | Noticed Jessica
  2095 | D:2      | Killed Jessica
  2096 | D:2      | Reached XP level 4. HP: 41/41 MP: 3/3
  2711 | D:3      | Found a large runed translucent door.
  2717 | D:3      | Found a large runed translucent door.
  2719 | D:3      | Noticed Psyclone's ghost (amateur OpIE)
  2995 | D:3      | Reached skill level 5 in Long Blades
  3000 | D:3      | Reached XP level 5. HP: 22/47 MP: 4/4
  3010 | D:3      | Killed from afar by an orc wizard

Illustrated notes

Levels and vault maps discovered:
D:1:      eino_arrival_water_cross, layout_loops_ring,
          shapermc_ecumenical_altar_petra, minmay_pentomino_z4
D:2:      layout_loops_corners, basic_altar, uniq_jessica
D:3:      layout_basic, ebering_ghost_disaster_area

Skill      XL: |  1  2  3  4 |
---------------+-------------+-----
Fighting       | 4 |  4.5
Long Blades    | 4 5 |  5.2
Armour         | 3 4 |  4.0
Dodging        | |  2.8
Stealth        | |  0.3

Action                   |  1- 3 |  4- 6 || total
-------------------------+-------+-------++-------
Melee: Falchion          |    90 |    62 ||   152
       Headbutt          |    15 |     7 ||    22
       Punch             |     3 |       ||     3
  Use: Scroll            |     1 |       ||     1
Armor: Ring mail         |    37 |    30 ||    67
       Animal skin       |     4 |       ||     4
Dodge: Dodged            |    53 |    34 ||    87

Table legend: (Time is in decaauts)
 A = Elapsed time spent in this place.
 B = Non-inter-level travel time spent in this place.
 C = Inter-level travel time spent in this place.
 D = Time resting spent in this place.
 E = Time spent auto-exploring this place.
 F = Levels seen in this place.
 G = Mean time per level.
                   A        B        C        D        E       F      G
               +--------+--------+--------+--------+--------+-----+--------+
         Total |   3020 |   2947 |     73 |    675 |    765 |   3 | 1006.7 |
       Dungeon |   3020 |   2947 |     73 |    675 |    765 |   3 | 1006.7 |
               +--------+--------+--------+--------+--------+-----+--------+

Top non-repeatable levels by time:
     D:1: 1373 daAuts
     D:2: 1254 daAuts
     D:3: 392 daAuts
